 Dungeon Crawl Stone Soup version 0.21-a0-352-g5b8f553 (webtiles) character file.

251 Coron the Covered (level 5, -10/44 HPs)
             Began as a Deep Dwarf Abyssal Knight on Oct 10, 2017.
             Was an Initiate of Kikubaaqudgha.
             Mangled by a small abomination (12 damage)
             ... created by the touch of Lugonu
             ... on level 3 of the Dungeon.
             The game lasted 00:06:24 (1737 turns).

Coron the Covered (Deep Dwarf Abyssal Knight)       Turns: 1737, Time: 00:06:25

Health: -10/44     AC:  7    Str: 17    XL:     5   Next: 88%
Magic:  7/7        EV: 10    Int: 14    God:    Kikubaaqudgha [......]
Gold:   107        SH:  0    Dex: 12    Spells: 4/4 levels left

rFire    . . .     SeeInvis .   a - +1 hand axe
rCold    . . .     Gourm    .   (no shield)
rNeg     . . .     Faith    .   n - +0 scale mail
rPois    +         Spirit   .   (no helmet)
rElec    .         Reflect  .   (no cloak)
rCorr    .         Harm     .   (no gloves)
MR       .....                  (no boots)
Stlth    ..........             (no amulet)
HPRegen  0.00/turn              i - +2 ring of intelligence
MPRegen  0.10/turn              s - ring of poison resistance

@: contaminated, non-regenerating, slowed, glowing, very slow
A: damage resistance, heal wounds, frail 1, sense surroundings 1, no
regeneration
a: Heal Wounds, Renounce Religion


You were on level 3 of the Dungeon.
You worshipped Kikubaaqudgha.
Kikubaaqudgha was noncommittal.
You were not hungry.

You visited 1 branch of the dungeon, and saw 3 of its levels.
You visited the Abyss 1 time.

You collected 107 gold pieces.

Inventory:

Hand Weapons
 a - a +1 hand axe (weapon)
Armour
 n - a +0 scale mail (worn)
 q - a +0 chain mail
 r - a +0 ring mail
Jewellery
 i - a +2 ring of intelligence (left hand)
 s - a ring of poison resistance (right hand)
Scrolls
 b - a scroll of identify {unknown}
 d - a scroll of magic mapping {unknown}
 e - a scroll of teleportation {unknown}
 g - a scroll of amnesia
 k - a scroll of recharging {unknown}
 l - a scroll of fog {unknown}
 o - a scroll of enchant weapon {unknown}
 p - a scroll of enchant armour {unknown}
 t - a scroll of immolation {unknown}
Potions
 h - a potion of ambrosia {unknown}
 j - a potion of might {unknown}
 m - a potion of lignification {unknown}
Comestibles
 c - 3 bread rations
 f - 12 chunks of flesh


   Skills:
 - Level 3.0 Fighting
 + Level 4.6 Axes
 - Level 5.0 Armour
 - Level 1.4 Dodging
   Level 2.7 Invocations


You had 4 spell levels left.
You didn't know any spells.

Dungeon Overview and Level Annotations

Branches:
Dungeon (3/15)

Altars:
Cheibriados
Kikubaaqudgha


Innate Abilities, Weirdness & Mutations

You are resistant to damage.
You can heal yourself by infusing magical energy.
You passively map a small area around you.
You do not regenerate.
You are frail. (-10% HP)


Message History

Lugonu's wrath finds you!
You are contaminated with residual magic.
Lugonu sends minions to punish you.
The divine experience drains your vigour!
You feel yourself slow down.
A small abomination comes into view.
The small abomination barely misses you.
The small abomination barely misses you.
Your body shudders with the violent release of wild energies!
You feel frail. The small abomination hits you. The small abomination hits you.
The small abomination hits you! The small abomination hits you.
The small abomination misses you. The small abomination hits you!
* * * LOW HITPOINT WARNING * * *
The small abomination hits you!
You die...
Kikubaaqudgha rasps: "You have failed me!
Welcome... death!"

#.#..............# * *
#.......###...##......
, *
####.##.###...########
* #.##......>.# * ,
###.#########.# ,
#......# #.# #.#.##.#
#.# *,# #.#.##.#
###.####.### #.#.##.#
#....@.....# #.#.##.#
#....x##.#.# #......#
#.....#* #.# ###.####
#.....#* ..# #.#
#.....####.#
#.###########......#
#...#.....# ######.#
###.#.###.# #.#
####.#.###.########.#


You could see a small abomination.

Vanquished Creatures
  An orc priest (D:3)
  Natasha (D:2)
  Terence (D:2)
  An orc wizard (D:3)
  A hound skeleton (D:3)
  7 adders
  3 worms
  A dart slug (D:2)
  3 leopard geckos (D:1)
  3 orcs (D:3)
  A ball python (D:1)
  2 giant cockroaches
  5 goblins
  3 hobgoblins
  3 jackals (D:3)
  7 kobolds
  3 quokkas (D:2)
  3 bats
  8 frilled lizards
  5 rats
62 creatures vanquished.

Notes
Turn   | Place    | Note
-------+----------+-------------------------------------------
     0 | Abyss:1  | Coron the Deep Dwarf Abyssal Knight began the quest for the Orb.
     0 | Abyss:1  | Reached XP level 1. HP: 20/20 MP: 2/2
    41 | Abyss:1  | Noticed a bone dragon
    43 | D:1      | Escaped the Abyss
   107 | D:1      | Reached * piety under Lugonu
   207 | D:1      | Reached XP level 2. HP: 18/27 MP: 4/4
   815 | D:2      | Reached XP level 3. HP: 17/34 MP: 5/5
   890 | D:2      | Reached skill level 3 in Armour
   904 | D:2      | Noticed Terence
   910 | D:2      | Killed Terence
   911 | D:2      | Reached XP level 4. HP: 36/42 MP: 6/6
  1062 | D:2      | Reached skill level 4 in Armour
  1206 | D:2      | Noticed Natasha
  1214 | D:2      | Killed Natasha
  1214 | D:2      | Reached XP level 5. HP: 9/49 MP: 7/7
  1240 | D:2      | Reached skill level 5 in Armour
  1428 | D:2      | Found an ancient bone altar of Kikubaaqudgha.
  1428 | D:2      | Found a snail-covered altar of Cheibriados.
  1439 | D:2      | Reached ** piety under Lugonu
  1443 | D:2      | Fell from the grace of Lugonu
  1443 | D:2      | Became a worshipper of Kikubaaqudgha
  1727 | D:3      | Noticed a small abomination
  1731 | D:3      | Gained mutation: You are frail. (-10% HP) [mutagenic glow]
  1737 | D:3      | HP: 2/44 [small abomination[the touch of Lugonu] (15)]
  1737 | D:3      | Mangled by a small abomination

Vault maps used:
D:1:      dpeg_arrival_short_road
D:2:      gammafunk_temple_overflow_wave, first_bread, uniq_terence,
          uniq_natasha
D:3:      chequers_ecumenical_altar_simple, uniq_sigmund

Skill      XL: |  1  2  3  4  5 |
---------------+----------------+-----
Fighting       | 3 |  3.0
Axes           | 3 4 |  4.6
Armour         | 3 4 5 |  5.0
Dodging        | |  1.4
Invocations    | |  2.7

Action                   |  1- 3 |  4- 6 || total
-------------------------+-------+-------++-------
Melee: Hand axe          |   104 |   150 ||   254
Invok: Depart the Abyss  |     1 |       ||     1
 Abil: Heal Wounds       |     2 |     3 ||     5
  Use: Scroll            |     1 |       ||     1
  Eat: Chunk             |       |     3 ||     3
Armor: Leather armour    |    24 |     6 ||    30
       Scale mail        |       |    57 ||    57
Dodge: Dodged            |    56 |    87 ||   143

Table legend:
 A = Spawn XP
 B = Non-spawn XP
 C = Spawn XP percentage of total XP
 D = Spawn monster count
 E = Non-spawn monster count
 F = Spawn count percentage of total count
 G = Total turns spent on level
                    A         B        C        D         E        F      G
               +---------+---------+-------+---------+---------+-------+---------
         Total |       0 |     359 |   0.0 |       0 |      62 |   0.0 |  1737
               +---------+---------+-------+---------+---------+-------+---------
           D:1 |       0 |      34 |   0.0 |       0 |      20 |   0.0 |   766
           D:2 |       0 |     192 |   0.0 |       0 |      28 |   0.0 |   685
           D:3 |       0 |     133 |   0.0 |       0 |      14 |   0.0 |   243
               +---------+---------+-------+---------+---------+-------+---------
